 Dungeon Crawl Stone Soup version 0.18-a0-1291-g395b48e (webtiles) character file.

2542 Herrn the Blocker (level 9, 0/70 HPs)
             Began as a Formicid Fighter on Feb 9, 2016.
             Was a Follower of Okawaru.
             Slain by a killer bee (4 damage)
             ... on level 8 of the Dungeon.
             The game lasted 00:15:46 (5634 turns).

Herrn the Blocker (Formicid Fighter)                Turns: 5634, Time: 00:15:46

Health: 0/70       AC: 11    Str: 23      XL:     9   Next: 85%
Magic:  9/9        EV:  9    Int:  8 (9)  God:    Okawaru [*.....]
Gold:   417        SH: 11    Dex: 10      Spells: 0 memorised, 8 levels left

rFire  . . .     SeeInvis +     t - +0 scythe (venom)
rCold  . . .     Gourm    .     r - +0 chain mail
rNeg   . . .     Faith    .     c - +0 shield
rPois  +         Spirit   .     (helmet unavailable)
rElec  .         Dismiss  .     (no cloak)
rCorr  .         Reflect  .     o - +0 pair of gloves
SustAt .         Harm     .     (no boots)
MR     .....                    y - amulet of regeneration
Stlth  ..........               l - ring of wizardry
                                s - ring of poison resistance

@: lethally poisoned (0 -> -1), not resistant to hostile enchantments, extremely
unstealthy
A: permanent stasis, dig shafts and tunnels, four strong arms, antennae 3
a: Dig, Shaft Self, Heroism, Renounce Religion


You were on level 8 of the Dungeon.
You worshipped Okawaru.
Okawaru was aware of your devotion.
You were hungry.

You visited 2 branches of the dungeon, and saw 9 of its levels.

You collected 417 gold pieces.

Inventory:

Hand Weapons
 a - a +0 war axe
 t - a +0 scythe of venom (weapon)
 C - a +0 morningstar
Armour
 b - a +0 scale mail
 c - a +0 shield (worn)
 o - a +0 pair of gloves (worn)
 r - a +0 chain mail (worn)
Jewellery
 l - a ring of wizardry (right hand)
 s - a ring of poison resistance (left hand)
 y - an amulet of regeneration (around neck)
Wands
 d - a wand of iceblast (5/15)
Scrolls
 e - 2 scrolls of fog {unknown}
 g - 2 scrolls of random uselessness {unknown}
 h - 3 scrolls of remove curse
 m - 2 scrolls of enchant armour {unknown}
 p - 5 scrolls of noise {unknown}
 q - 4 scrolls of identify {unknown}
 v - 2 scrolls of teleportation {unknown}
 w - a scroll of silence {unknown}
 x - 4 scrolls of blinking {unknown}
 B - 2 scrolls of immolation {unknown}
 D - 2 scrolls of enchant weapon {unknown}
Potions
 i - 4 potions of curing
 n - a potion of cancellation {unknown}
 z - a potion of brilliance {unknown}
 E - a potion of heal wounds {unknown}
Comestibles
 f - 6 bread rations
 j - 2 meat rations
 k - 3 beef jerkies
 u - 10 fruits
 A - a slice of pizza


   Skills:
 + Level 6.3 Fighting
 * Level 6.4 Axes
 + Level 7.1 Armour
 + Level 4.0 Dodging
 + Level 8.6 Shields


You had 8 spell levels left.
You didn't know any spells.

Dungeon Overview and Level Annotations

Branches:
Dungeon (8/15)             Temple (1/1) D:4
   Lair: D:8-11

Altars:
Ashenzari
Cheibriados
Dithmenos
Elyvilon
Fedhas
Gozag
Kikubaaqudgha
Makhleb
Nemelex Xobeh
Okawaru
Pakellas
Qazlal
Ru
Sif Muna
Trog
Vehumet
Xom
Yredelemnul
Zin
The Shining One

Annotations:
D:3 exclusion: oklob plant
D:6 Arkorax's ghost, novice NaTm
D:7 exclusion: ice statue


Innate Abilities, Weirdness & Mutations

You are under a permanent stasis effect.
You can dig through walls and to a lower floor.
Your four strong arms can wield two-handed weapons with a shield.
You have a pair of large antennae on your head (SInv).


Message History

* * * LOW HITPOINT WARNING * * *
You are poisoned.
The killer bee poisons you! The killer bee closely misses you.
You closely miss the killer bee.
You feel sick. The killer bee stings you.
* * * LOW HITPOINT WARNING * * *
The killer bee stings you but does no damage.
You block the killer bee's attack.
You closely miss the killer bee.
You feel sick.
The killer bee stings you but does no damage.
The killer bee completely misses you. You block the killer bee's attack. x2
You miss the killer bee. The killer bee stings you.
* * * LOW HITPOINT WARNING * * *
You block the killer bee's attack.
The killer bee stings you but does no damage.
You miss the killer bee.
You feel sick. The killer bee barely misses you.
The killer bee stings you but does no damage. x2
The killer bee barely misses you.
You miss the killer bee. The killer bee barely misses you.
The killer bee closely misses you. The killer bee stings you.
You die...

......#######.###.#{...###
#..............#.......
.##...<..................
#............###.#####.##
#.######.#>#### #...
.(......#y# ####.#
#########y# # #y# #@# #.#
#.# ..# ###


You could see 3 killer bees.

Vanquished Creatures
  The ghost of Lysie the Slasher, a novice MiFi (D:5)
  A queen bee (D:8)
  Sigmund (D:4)
  A sky beast (D:6)
  A phantom (D:4)
  3 ogres
  A big kobold (D:4)
  2 giant frogs
  5 killer bees
  3 scorpions (D:5)
  A jelly (D:4)
  A centaur zombie (D:7)
  A giant frog skeleton (D:4)
  An orc priest (D:5)
  4 orc wizards
  A centaur skeleton (D:4)
  Jessica (D:3)
  6 worker ants
  A killer bee zombie (D:6)
  Robin (D:3)
  4 gnolls (D:2)
  8 adders
  A shadow imp (D:6)
  4 oozes
  An adder zombie (D:5)
  An adder skeleton (D:4)
  2 worms (D:2)
  3 giant geckos
  14 orcs
  7 giant cockroaches
  10 goblins
  7 hobgoblins
  7 jackals
  2 quokkas (D:2)
  3 ball pythons
  11 bats
  A giant gecko skeleton (D:5)
  A giant gecko zombie (D:5)
  10 giant newts
  26 kobolds
  4 rats
  2 plants (D:3)
166 creatures vanquished.

Vanquished Creatures (others)
  A quokka skeleton (D:4)
  4 fungi (D:3)
  3 plants (D:4)
8 creatures vanquished.

Grand Total: 174 creatures vanquished

Notes
Turn   | Place    | Note
--------------------------------------------------------------
     0 | D:1      | Herrn the Formicid Fighter began the quest for the Orb.
     0 | D:1      | Reached XP level 1. HP: 18/18 MP: 1/1
    96 | D:1      | Reached XP level 2. HP: 24/24 MP: 2/2
   171 | D:1      | Reached XP level 3. HP: 29/29 MP: 3/3
   239 | D:1      | Reached skill level 4 in Shields
   554 | D:2      | Found a faded altar to an unknown god.
   726 | D:2      | Reached XP level 4. HP: 32/37 MP: 4/4
  1085 | D:2      | Found a shattered altar of Ashenzari.
  1187 | D:2      | Reached XP level 5. HP: 35/42 MP: 5/5
  1569 | D:3      | Noticed Robin
  1606 | D:3      | Killed Robin
  1748 | D:3      | Noticed Jessica
  1758 | D:3      | Killed Jessica
  1963 | D:3      | Found a blossoming altar of Fedhas.
  1977 | D:3      | Noticed an oklob plant
  2005 | D:3      | Reached skill level 1 in Dodging
  2005 | D:3      | Reached XP level 6. HP: 38/48 MP: 6/6
  2473 | D:4      | Noticed Sigmund
  2486 | D:4      | Killed Sigmund
  2486 | D:4      | Reached skill level 5 in Shields
  2754 | D:4      | Reached XP level 7. HP: 55/55 MP: 7/7
  2920 | D:4      | Found a staircase to the Ecumenical Temple.
  2945 | Temple   | Entered the Ecumenical Temple
  3043 | D:4      | Reached skill level 5 in Armour
  3187 | D:4      | Reached XP level 8. HP: 48/61 MP: 8/8
  3216 | D:4      | Found an opulent altar of Gozag.
  3325 | D:4      | Reached skill level 5 in Fighting
  3450 | D:4      | Reached skill level 5 in Axes
  3450 | D:4      | Reached skill level 6 in Shields
  3793 | D:5      | Entered Level 5 of the Dungeon
  3853 | D:5      | Found a runed door.
  3858 | D:5      | Found a runed door.
  3894 | D:5      | Reached skill level 7 in Shields
  4021 | D:5      | Found a glowing golden altar of the Shining One.
  4041 | D:5      | Found a radiant altar of Vehumet.
  4042 | D:5      | Found a bloodstained altar of Trog.
  4043 | D:5      | Found a white marble altar of Elyvilon.
  4043 | D:5      | Found an iron altar of Okawaru.
  4070 | D:5      | Became a worshipper of Warmaster Okawaru
  4081 | D:5      | Reached XP level 9. HP: 68/68 MP: 9/9
  4263 | D:5      | Noticed Lysie's ghost (novice MiFi)
  4303 | D:5      | Killed Lysie's ghost
  4303 | D:5      | Reached * piety under Okawaru
  4303 | D:5      | Reached skill level 8 in Shields
  4592 | D:6      | Noticed Arkorax's ghost (novice NaTm)
  4892 | D:6      | Found a shattered altar of Ashenzari.
  5193 | D:7      | Noticed an ice statue
  5570 | D:8      | Noticed a queen bee
  5595 | D:8      | Killed a queen bee
  5630 | D:8      | HP: 2/70 [killer bee (2)]
  5634 | D:8      | Slain by a killer bee

Vault maps used:
D:1:      ncdulo_halloftheorcs, hex_intersection, minmay_newt_pond
D:2:      ecumenical_altar_1, nrook_mini_vaults, nicolae_ashenzari_panopticon
D:3:      tgw_fedhas, first_bread, guppyfry_early_lair_pool, uniq_jessica,
          uniq_robin
D:4:      kennysheep_kobold_camp, nicolae_gozag_seed_capital,
          minmay_temple_entry_purple_smoke, uniq_sigmund
D:5:      lemuel_insect_pit, grunt_temple_overflow_open
D:6:      kennysheep_mini
D:7:      lemuel_ice_statue
D:8:      basic_altar, david_nohive_1, jmf_multi_god_temple2, uniq_grum
Temple:   zaba_magenta_temple_12

Action                   |  1- 3 |  4- 6 |  7- 9 || total
-------------------------+-------+-------+-------++-------
Melee: War axe           |    99 |   186 |       ||   285
       Scythe            |       |     3 |   512 ||   515
Invok: Heroism           |       |       |     5 ||     5
 Abil: Dig               |       |     4 |     1 ||     5
  Use: Potion            |       |     1 |     4 ||     5
       Scroll            |       |       |     2 ||     2
  Eat: Chunk             |       |     6 |     9 ||    15
       Fruit             |       |       |     2 ||     2
       Beef jerky        |       |       |     1 ||     1
